 Dungeon Crawl Stone Soup version 0.29.1-14-g9c671dbff4 (webtiles) character file.

Game seed: 15126009467455094029

202 leafyfresh the Covert (level 5, 0/47 HPs)
             Began as a Gnoll Delver on Feb 13, 2023.
             Slain by a gnoll
             ... wielding a +0 flail
              (12 damage)
             ... on level 3 of the Dungeon.
             The game lasted 00:03:23 (3569 turns).

leafyfresh the Covert (Gnoll Delver)                Turns: 3569, Time: 00:03:23

Health: 0/47       AC:  4    Str: 11    XL:     5   Next: 80%
Magic:  7/7        EV: 17    Int: 10    God:
Gold:   79         SH:  0    Dex: 15    Spells: 7/7 levels left

rFire   . . .      SeeInvis .   k - +0 rapier
rCold   . . .      Faith    .   (no shield)
rNeg    . . .      Spirit   .   b - +0 leather armour
rPois   .          Reflect  .   (no helmet)
rElec   .          Harm     .   (no cloak)
rCorr   .          Rampage  .   (no gloves)
Will    .....                   r - +0 pair of boots
Stlth   ++++......              (no amulet)
HPRegen 0.15/turn               s - +4 ring of evasion
MPRegen 0.10/turn               (no ring)

@: no status effects
A: fangs 1, strong nose, distributed training
a: no special abilities


You were on level 3 of the Dungeon.
You visited 1 branch of the dungeon, and saw 5 of its levels.

You collected 79 gold pieces.

Inventory:

Hand Weapons
 a - a +0 spear
 k - a +0 rapier (weapon)
Armour
 b - a +0 leather armour (worn)
 r - a +0 pair of boots (worn)
Jewellery
 s - a +4 ring of evasion (left hand)
Wands
 g - a wand of digging (3)
Scrolls
 c - 2 scrolls of fog
 d - a scroll of magic mapping
 e - a scroll of fear
 h - 4 scrolls of teleportation {unknown}
 l - 4 scrolls of identify {unknown}
 n - a scroll of amnesia {unknown}
 o - a scroll of vulnerability {unknown}
 p - a scroll of enchant armour {unknown}
Potions
 f - a potion of haste
 i - 4 potions of heal wounds {unknown}
 j - a potion of invisibility {unknown}
 m - a potion of mutation {unknown}
 q - a potion of berserk rage {unknown}


   Skills:
 + Level 6.7 Fighting
 + Level 1.7 Short Blades
 + Level 1.7 Long Blades
 + Level 1.7 Axes
 + Level 1.7 Maces & Flails
 + Level 4.9 Polearms
 + Level 1.7 Staves
 + Level 1.7 Ranged Weapons
 + Level 1.7 Throwing
 + Level 1.7 Armour
 + Level 4.9 Dodging
 + Level 9.7 Stealth
 + Level 1.7 Shields
 + Level 1.7 Unarmed Combat
 + Level 1.7 Spellcasting
 + Level 1.3 Conjurations
 + Level 1.3 Hexes
 + Level 1.3 Summonings
 + Level 1.3 Necromancy
 + Level 1.3 Translocations
 + Level 1.3 Transmutations
 + Level 1.3 Fire Magic
 + Level 1.3 Ice Magic
 + Level 1.3 Air Magic
 + Level 1.3 Earth Magic
 + Level 1.3 Poison Magic
 + Level 1.9 Invocations
 + Level 1.7 Evocations


You had 7 spell levels left.
You didn't know any spells.
Your spell library contained the following spells:

 Spells                   Type           Power      Damage    Failure   Level
 Foxfire                  Conj/Fire      12%        2x1d4     24%         1
 Slow                     Hex            12%        N/A       24%         1
 Confusing Touch          Hex            3%         N/A       58%         3
 Conjure Flame            Conj/Fire      3%         6-21      58%         3
 Inner Flame              Hex/Fire       3%         N/A       58%         3
 Vampiric Draining        Necr           3%         2d6       58%         3
 Flame Wave               Conj/Fire      3%         2d5       94%         4


Dungeon Overview and Level Annotations

Branches:
Dungeon (5/15)
 Temple: D:4-7

Altars:


Innate Abilities, Weirdness & Mutations

You have very sharp teeth.
Your uncanny sense of smell can sniff out nearby items.
Your experience applies equally to all skills.


Message History

The gnoll is almost dead.
The gnoll barely misses you. The gnoll misses you.
A goblin comes into view. It is wielding a +0 dagger.
You barely miss the gnoll.
The gnoll is almost dead.
The gnoll misses you. The gnoll closely misses you.
You hit the gnoll but do no damage.
The gnoll is almost dead.
The gnoll closely misses you. The gnoll hits you with a +0 flail!
You hit the gnoll but do no damage. You bite the gnoll, but do no damage.
The gnoll is almost dead.
The gnoll closely misses you. The gnoll barely misses you.
You hit the gnoll.
You kill the gnoll!
The gnoll completely misses you.
You closely miss the gnoll. Your punch misses the gnoll.
The gnoll barely misses you.
You hit the gnoll.
The gnoll is moderately wounded.
The gnoll closely misses you. The gnoll hits you with a +0 flail.
The goblin hits you with a +0 dagger.
You hit the gnoll.
The gnoll is heavily wounded.
The gnoll hits you but does no damage. The goblin misses you.
You barely miss the gnoll.
The gnoll is heavily wounded.
The gnoll hits you with a +0 flail! The goblin barely misses you.
You are too injured to fight recklessly!
You are too injured to fight recklessly!
You are too injured to fight recklessly!
You are too injured to fight recklessly!
You closely miss the gnoll.
The gnoll is heavily wounded.
The gnoll hits you with a +0 flail!
* * * LOW HITPOINT WARNING * * *
The goblin misses you.
You barely miss the gnoll.
The gnoll is heavily wounded.
The gnoll hits you with a +0 flail!
You die...

#.##...## #.##...............
##.#.....######.#############.##.
................# #<##.
##.#.....#### #.# #..#.
...##....# #.# ##.#. ##.#####.#
#> .#. #.# #.# #.######### .#.
#.# #># #..g....... .#. ..# #.###
#)@g.# .#. ### #.#.#######.# .#.
#..........!# #. #.#.######### #.
#.#.# ## ####.#.# # ..#.#.#
########## #..#.# #.........
#.#.###### #.########


You could see a gnoll and a goblin.

Vanquished Creatures
  A necrophage (D:2)
  An orc wizard (D:3)
  2 gnolls (D:3)
  3 adders
  A worm (D:2)
  A dart slug (D:3)
  3 orcs (D:3)
  5 bats
  4 endoplasms
  2 giant cockroaches (D:2)
  3 goblins
  5 hobgoblins
  4 jackals (D:1)
  3 quokkas (D:2)
  3 ball pythons
  4 frilled lizards
  4 kobolds
  6 rats
55 creatures vanquished.

Vanquished Creatures (others)
  An orc wizard (D:3)
1 creature vanquished.

Grand Total: 56 creatures vanquished

Notes
Turn   | Place    | Note
-------+----------+-------------------------------------------
     0 | D:5      | Reached skill level 9 in Stealth
     0 | D:5      | leafyfresh the Gnoll Delver began the quest for the Orb.
     0 | D:5      | Reached XP level 1. HP: 23/23 MP: 1/1
    44 | D:5      | Noticed a kobold brigand
   213 | D:4      | Noticed an ice beast
   452 | D:1      | Reached XP level 2. HP: 29/29 MP: 2/2
  1455 | D:2      | Reached XP level 3. HP: 29/35 MP: 3/3
  1800 | D:2      | Reached skill level 1 in Invocations
  1843 | D:2      | Reached skill level 1 in Short Blades
  1843 | D:2      | Reached skill level 1 in Long Blades
  1843 | D:2      | Reached skill level 1 in Axes
  1843 | D:2      | Reached skill level 1 in Maces & Flails
  1843 | D:2      | Reached skill level 1 in Staves
  1843 | D:2      | Reached skill level 1 in Ranged Weapons
  1843 | D:2      | Reached skill level 1 in Throwing
  1843 | D:2      | Reached skill level 1 in Armour
  1843 | D:2      | Reached skill level 1 in Shields
  1843 | D:2      | Reached skill level 1 in Unarmed Combat
  1843 | D:2      | Reached skill level 1 in Spellcasting
  1843 | D:2      | Reached skill level 1 in Evocations
  1910 | D:2      | Found a faded altar of an unknown god.
  2016 | D:2      | Reached XP level 4. HP: 14/41 MP: 5/5
  2664 | D:2      | Noticed a necrophage
  2686 | D:2      | Killed a necrophage
  2687 | D:2      | Reached skill level 1 in Conjurations
  2687 | D:2      | Reached skill level 1 in Hexes
  2687 | D:2      | Reached skill level 1 in Summonings
  2687 | D:2      | Reached skill level 1 in Necromancy
  2687 | D:2      | Reached skill level 1 in Translocations
  2687 | D:2      | Reached skill level 1 in Transmutations
  2687 | D:2      | Reached skill level 1 in Fire Magic
  2687 | D:2      | Reached skill level 1 in Ice Magic
  2687 | D:2      | Reached skill level 1 in Air Magic
  2687 | D:2      | Reached skill level 1 in Earth Magic
  2687 | D:2      | Reached skill level 1 in Poison Magic
  2687 | D:2      | Reached XP level 5. HP: 4/46 MP: 5/7
  3441 | D:3      | Identified the +1 robe of Intercession {Str+4 Int+4}
  3569 | D:3      | Slain by a gnoll

Illustrated notes

Levels and vault maps discovered:
D:1:      mrwooster_arrival_statue_3, layout_basic
D:2:      layout_basic, ebering_ecumenical_altar_mist, serial_corexii_hall,
          corexii_hall_statues_x, corexii_hall_statues_deadend,
          corexii_hall_statues_x, corexii_hall_statues_x,
          minmay_misc_feat_ornament, minmay_unequal
D:3:      layout_loops_ring
D:4:      layout_basic
D:5:      layout_loops_ring

Skill      XL: |  1  2  3  4 |
---------------+-------------+-----
Stealth        | |  9.7
Invocations    | 1 |  1.9
Short Blades   | 1 |  1.7
Long Blades    | 1 |  1.7
Axes           | 1 |  1.7
Maces & Flails | 1 |  1.7
Staves         | 1 |  1.7
Ranged Weapons | 1 |  1.7
Throwing       | 1 |  1.7
Armour         | 1 |  1.7
Shields        | 1 |  1.7
Unarmed Combat | 1 |  1.7
Spellcasting   | 1 |  1.7
Evocations     | 1 |  1.7
Conjurations   | 1 |  1.3
Hexes          | 1 |  1.3
Summonings     | 1 |  1.3
Necromancy     | 1 |  1.3
Translocations | 1 |  1.3
Transmutations | 1 |  1.3
Fire Magic     | 1 |  1.3
Ice Magic      | 1 |  1.3
Air Magic      | 1 |  1.3
Earth Magic    | 1 |  1.3
Poison Magic   | 1 |  1.3
Fighting       | |  6.7
Polearms       | |  4.9
Dodging        | |  4.9

Action                   |  1- 3 |  4- 6 || total
-------------------------+-------+-------++-------
Melee: Spear             |    38 |       ||    38
       Rapier            |    72 |    91 ||   163
       Bite              |    11 |     6 ||    17
       Punch             |       |     1 ||     1
 Stab: Sleeping          |    13 |     3 ||    16
Armor: Leather armour    |    25 |    13 ||    38
Dodge: Dodged            |    72 |    55 ||   127
